 Dungeon Crawl Stone Soup version 0.20.0 (webtiles) character file.

66 Danakh the Magician (level 3, 0/26 HPs)
             Began as a Mummy Arcane Marksman on May 31, 2017.
             Slain by an adder (1 damage)
             ... on level 1 of the Dungeon.
             The game lasted 00:06:47 (2337 turns).

Danakh the Magician (Mummy Arcane Marksman)         Turns: 2337, Time: 00:06:47

Health: 0/26       AC:  2    Str: 13    XL:     3   Next: 96%
Magic:  6/8        EV: 12    Int: 13    God:
Gold:   34         SH:  0    Dex: 12    Spells: 3/9 levels left

rFire    x . .     SeeInvis .   w - +0 mace
rCold    + + .     Gourm    .   (no shield)
rNeg     + + +     Faith    .   e - +0 robe
rPois    ∞         Spirit   .   (no helmet)
rElec    .         Reflect  .   (no cloak)
rCorr    .         Harm     .   (no gloves)
MR       .....                  (no boots)
Stlth    +.........             (no amulet)
Regen    0.1/turn               f - ring of protection from cold
MPRegen  0.2/turn               (no ring)

@: no status effects
A: no food or potions, fire vulnerability, cold resistance 1, negative energy
resistance 3, torment resistance, unbreathing
a: no special abilities


You were on level 1 of the Dungeon.
You were not hungry.

You visited 1 branch of the dungeon, and saw 2 of its levels.

You collected 34 gold pieces.

Inventory:

Hand Weapons
 a - a +0 shortbow
 w - a +0 mace (weapon)
Missiles
 h - 25 arrows
Armour
 e - a +0 robe (worn)
Jewellery
 f - a ring of protection from cold (left hand)
Wands
 d - a wand of acid (4/15)
Scrolls
 b - 4 scrolls of identify {unknown}
 g - 3 scrolls of recharging {unknown}
 i - a scroll of teleportation {unknown}
 j - a scroll of remove curse {unknown}
Books
 c - a book of Debilitation

   Spells                             Type                      Level
   a - Corona                         Hexes                        1
   b - Slow                           Hexes                        2
   c - Inner Flame                    Hexes/Fire                   3
   d - Portal Projectile              Hexes/Translocation          3
   e - Cause Fear                     Hexes                        4
   f - Leda's Liquefaction            Hexes/Earth                  4


   Skills:
 - Level 1.0 Fighting
 - Level 1.5 Bows
 - Level 1.5 Dodging
 * Level 3.8 Spellcasting
 + Level 3.4 Hexes


You had 3 spell levels left.
You knew the following spells:

 Your Spells              Type           Power        Failure   Level  Hunger
a - Corona                Hex            ##.....      5%          1    N/A
f - Slow                  Hex            ##......     8%          2    N/A
z - Portal Projectile     Hex/Tloc       #.....       30%         3    N/A

Dungeon Overview and Level Annotations

Branches:
Dungeon (2/15)

Altars:


Innate Abilities, Weirdness & Mutations

You do not eat or drink.
Your flesh is vulnerable to fire.
You are immune to poison.
Your flesh is cold resistant. (rC+)
You are immune to negative energy. (rN+++)
You are immune to unholy pain and torment.
You can survive without breathing.


Message History

The jackal barely misses you. The jackal bites you.
* * * LOW HITPOINT WARNING * * *
The adder closely misses you.
You closely miss the jackal.
The jackal is heavily wounded.
The jackal closely misses you. The ball python completely misses you.
The ball python closely misses you. The adder bites you.
* * * LOW HITPOINT WARNING * * *
The jackal closely misses you. The ball python misses you.
The ball python barely misses you.
The adder bites you but does no damage. x2
The jackal barely misses you. The adder misses you. The ball python bites you.
* * * LOW HITPOINT WARNING * * *
The ball python grabs you. The ball python constricts you.
You escape the ball python's grasp.
The adder barely misses you. The jackal bites you.
* * * LOW HITPOINT WARNING * * *
The adder bites you.
You die...

#....# ##.##.#
#########.#.
...###
###..#.#### #.#.
...# #.........#
#(#. ...##
#.....(...# #.#.
#...# #.........#
#... #...#
#.....>...# ####
#...# #.........#
...## #.........#
...# #.....SS@.#
.### #......h..#
## #.........#
#.........#
#######.........#
#...........(...#
#)..............#
#............####
#............#


You could see an adder, a jackal and a ball python.

Vanquished Creatures
  An adder (D:2)
  2 worms (D:2)
  4 dart slugs (D:1)
  3 leopard geckos (D:1)
  A ball python (D:2)
  4 giant cockroaches
  4 hobgoblins
  A jackal (D:2)
  A quokka (D:2)
  5 bats
  4 frilled lizards (D:1)
  3 goblins
  3 kobolds
  5 rats
41 creatures vanquished.

Notes
Turn   | Place    | Note
-------+----------+-------------------------------------------
     0 | D:1      | Danakh the Mummy Arcane Marksman began the quest for the Orb.
     0 | D:1      | Reached XP level 1. HP: 15/15 MP: 2/2
   118 | D:1      | Reached XP level 2. HP: 21/21 MP: 5/5
   284 | D:1      | Learned a level 2 spell: Slow
   498 | D:1      | Reached XP level 3. HP: 17/26 MP: 7/7
   526 | D:1      | HP: 1/26 [frilled lizard (2)]
  1074 | D:1      | Learned a level 3 spell: Portal Projectile
  2333 | D:1      | HP: 1/26 [ball python (1)]
  2337 | D:1      | Slain by an adder

Skill      XL: |  1  2  3 |
---------------+----------+-----
Spellcasting   | 2 3 |  3.8
Hexes          | 3 |  3.4
Fighting       | |  1.0
Bows           | |  1.5
Dodging        | |  1.5

Action                   || total
-------------------------++-------
Melee: Mace              ||    64
       Shortbow          ||    18
 Fire: Shortbow          ||    82
 Cast: Slow              ||     9
       Corona            ||     5
       Portal Projectile ||     2
Armor: Robe              ||    25
Dodge: Dodged            ||   105
